 Dungeon Crawl Stone Soup version 0.30-a0-339-g89bb51ec76 (webtiles) character file.

Game seed: 7675847534183286412

80 Lanoc the Firebug (level 4, -6/27 HPs)
             Began as an Octopode Fire Elementalist on Oct 31, 2022.
             Mangled by Terence
             ... wielding a +0 hand axe of distortion
              (9 damage)
             ... on level 2 of the Dungeon.
             The game lasted 00:02:38 (1962 turns).

Lanoc the Firebug (Octopode Fire Elementalist)      Turns: 1962, Time: 00:02:39

Health: -6/27      AC:  1    Str:  7    XL:     4   Next: 39%
Magic:  5/7        EV: 13    Int: 25    God:
Gold:   88         SH:  0    Dex: 12    Spells: 6/7 levels left

rFire   . . .      SeeInvis .    (no weapon)
rCold   . . .      Faith    .    (no shield)
rNeg    . . .      Spirit   .    (helmet restricted)
rPois   .          Reflect  .    (no amulet)
rElec   .          Harm     .    h - +6 ring of intelligence
rCorr   .          Rampage  .    (no ring)
Will    .....                    (no ring)
Stlth   +++.......               (no ring)
HPRegen 0.24/turn                (no ring)
MPRegen 0.10/turn                (no ring)
                                 (no ring)
                                 (no ring)

@: invisible
A: almost no armour, amphibious, 8 rings, camouflage 1, gelatinous body 1,
(nimble swimmer 1), tentacles
a: no special abilities


You were on level 2 of the Dungeon.
You visited 1 branch of the dungeon, and saw 2 of its levels.

You collected 88 gold pieces.

Inventory:

Jewellery
 h - a +6 ring of intelligence (left tentacle)
Scrolls
 c - a scroll of identify {unknown}
 d - 2 scrolls of blinking {unknown}
 e - a scroll of amnesia {unknown}
 g - a scroll of immolation {unknown}
 i - a scroll of fear {unknown}
 j - a scroll of noise {unknown}
Potions
 a - a potion of magic
 b - 2 potions of invisibility
 f - 2 potions of curing {unknown}


   Skills:
 + Level 3.0 Dodging
 - Level 2.6 Stealth
 - Level 2.0 Spellcasting
 - Level 1.0 Conjurations
 * Level 4.5 Fire Magic


You had 6 spell levels left.
You knew the following spells:

 Your Spells              Type           Power      Damage    Failure   Level
a - Foxfire               Conj/Fire      64%        2x1d7     3%          1

Your spell library contained the following spells:

 Spells                   Type           Power      Damage    Failure   Level
 Scorch                   Fire           50%        2d7       2%          2
 Inner Flame              Hex/Fire       13%        N/A       13%         3
 Kindle Blastsparks       Fire/Tloc/Air  20%        2d11      19%         3
 Flame Wave               Conj/Fire      16%        2d7       34%         4


Dungeon Overview and Level Annotations

Branches:
Dungeon (2/15)

Altars:

Shops:
D:1 =

Annotations:
D:2 Terence


Innate Abilities, Weirdness & Mutations

You cannot wear most types of armour.
You are amphibious.
You can wear up to eight rings at the same time.
Your skin changes colour to match your surroundings (Stealth+).
Your rubbery body absorbs attacks. (AC +1, EV +1)
((You are camouflaged when in or above water. (Stealth+)))
You have tentacles for arms and can constrict up to eight enemies at once.


Message History

Things that are here:
a +0 dagger of venom; a kobold corpse
Found a stone staircase leading up.
An adder comes into view.
You conjure some foxfire!
You conjure some foxfire!
The foxfire hits the adder but does no damage.
The adder hisses angrily.
You conjure some foxfire!
The foxfire hits the adder.
The adder is lightly wounded.
You tentacle-slap the adder but do no damage.
You grab the adder.
The adder is lightly wounded.
You constrict the adder.
The foxfire hits the adder.
The adder is almost dead.
The foxfire hits the adder.
You kill the adder!
Your Dodging skill increases to level 3!
Your foxfire dissipates!
Found a robe.
Found a ring mail.
You see here a +0 ring mail.
Terence the Incautious comes into view.
He is wielding a +0 hand axe of distortion.
Terence shouts!
You conjure some foxfire!
Terence shouts, "Get ready for death!"
Terence drinks a potion.
Terence flickers and vanishes!
Deactivating autopickup; reactivate with Ctrl-A.
You conjure some foxfire!
The foxfire hits something but does no damage.
You tentacle-slap something but do no damage.
You squeeze something.
The foxfire hits something but does no damage. x2
The foxfire hits something.
Something hits you. Space warps horribly around you!!
Ouch! That really hurt!
* * * LOW HITPOINT WARNING * * *
You fade into invisibility!
Something hits you!
You die...

....##.........#.##.######
....##.........#.##.#
.÷..##.........#.##.#
.÷..##..............#####
...........÷............#
#'#######'####...######.#
....###.....###..# #.#
...###.....## #§§# #.#
..###..†..## #.@######.#
.###.....## #.{..[..#.#
###.....###...'..####.#.#
#####'### ....#..# #.#.#
#.#.....#.....#..# #.#.#
..#.....#.... #..#
#.#.####### ..'.....†...#
#.+# #.........#
..#.....#..## #.
##.######.# ..#.....#.##
#. #.#


There were no monsters in sight!

Vanquished Creatures
  Natasha (D:2)
  An adder (D:2)
  4 endoplasms
  A giant cockroach (D:2)
  4 goblins
  6 hobgoblins
  3 jackals (D:1)
  3 kobolds
  6 ball pythons
  6 bats
  2 frilled lizards (D:2)
  4 rats
41 creatures vanquished.

Vanquished Creatures (others)
  162 foxfires
162 creatures vanquished.

Grand Total: 203 creatures vanquished

Notes
Turn   | Place    | Note
-------+----------+-------------------------------------------
     0 | D:1      | Lanoc the Octopode Fire Elementalist began the quest for
                  | the Orb.
     0 | D:1      | Reached XP level 1. HP: 11/11 MP: 3/3
   241 | D:1      | Reached XP level 2. HP: 17/17 MP: 1/5
   316 | D:1      | Found Epramin's Jewellery Boutique.
   807 | D:1      | Reached XP level 3. HP: 20/21 MP: 1/6
  1353 | D:2      | Reached skill level 4 in Fire Magic
  1744 | D:2      | Noticed Natasha
  1746 | D:2      | Killed Natasha
  1747 | D:2      | Reached XP level 4. HP: 27/27 MP: 0/7
  1957 | D:2      | Noticed Terence
  1962 | D:2      | Mangled by Terence

Illustrated notes

Levels and vault maps discovered:
D:1:      dpeg_arrival_simpleton_a, layout_basic, serial_shops,
          nicolae_lakefront_shop
D:2:      layout_basic, st_stairs_1, minmay_quadrilaterals, uniq_natasha,
          uniq_terence

Skill      XL: |  1  2  3  4 |
---------------+-------------+-----
Fire Magic     | 4 |  4.5
Dodging        | 3 |  3.0
Stealth        | |  2.6
Spellcasting   | |  2.0
Conjurations   | |  1.0

Action                   |  1- 3 |  4- 6 || total
-------------------------+-------+-------++-------
Melee: Unarmed           |    11 |     2 ||    13
       Tentacles         |     3 |     1 ||     4
       Constrict         |     2 |     1 ||     3
 Cast: Foxfire           |    88 |     5 ||    93
  Use: Potion            |       |     1 ||     1
Armor: Skin              |     2 |       ||     2
Dodge: Dodged            |     8 |       ||     8

Table legend: (Time is in decaauts)
 A = Elapsed time spent in this place.
 B = Non-inter-level travel time spent in this place.
 C = Inter-level travel time spent in this place.
 D = Time resting spent in this place.
 E = Time spent auto-exploring this place.
 F = Levels seen in this place.
 G = Mean time per level.
                   A        B        C        D        E       F      G
               +--------+--------+--------+--------+--------+-----+--------+
         Total |   1961 |   1943 |     18 |      0 |   1734 |   2 |  980.5 |
       Dungeon |   1961 |   1943 |     18 |      0 |   1734 |   2 |  980.5 |
               +--------+--------+--------+--------+--------+-----+--------+

Top non-repeatable levels by time:
     D:1: 1090 daAuts
     D:2: 871 daAuts
